 Dungeon Crawl Stone Soup version 0.17-b1-22-g5359643 (webtiles) character file.

172 rutigerpupkin the Digger (level 5, -2/28 HPs)
             Began as a Gargoyle Earth Elementalist on Nov 3, 2015.
             Was a Follower of Vehumet.
             Killed by divine providence
             ... invoked by an orc priest
              (11 damage)
             ... on level 3 of the Dungeon on Nov 4, 2015.
             The game lasted 00:14:31 (2582 turns).

rutigerpupkin the Digger (GrEE)                     Turns: 2582, Time: 00:14:31

Health: -2/28      AC:  8    Str: 11    XL:     5   Next: 53%
Magic:  11/11      EV: 12    Int: 17    God:    Vehumet [*.....]
Gold:   118        SH:  0    Dex: 10    Spells: 3 memorised, 6 levels left

rFire  . . .     SeeInvis .     z - staff of conjuration
rCold  . . .     Clarity  .     b - +0 robe
rNeg   + . .     SustAt   .     (no shield)
rPois  ∞         Gourm    .     y - +0 helmet
rElec  +         Spirit   .     e - +0 cloak
rCorr  .         Warding  .     (no gloves)
rMut   .         Stasis   .     (no boots)
MR     .....                    (no amulet)
Stlth  +.........               (no ring)
                                (no ring)

@: confused, very slightly contaminated, hasted, very quick, not resistant to
hostile enchantments, very unstealthy
A: negative energy resistance 1, electricity resistance, unbreathing,
petrification resistance, rot immunity, AC +4
a: Renounce Religion


You were on level 3 of the Dungeon.
You worshipped Vehumet.
Vehumet was aware of your devotion.
You were not hungry.

You visited 1 branch of the dungeon, and saw 3 of its levels.

You collected 118 gold pieces.

Inventory:

Hand Weapons
 n - a +0 club
 x - a +1 dagger of draining
Missiles
 a - 93 stones (quivered)
 w - 2 javelins
Armour
 b - a +0 robe (worn)
 e - a +0 cloak (worn)
 i - a cursed -1 leather armour
 q - a +2 shield
 y - a +0 helmet (worn)
 A - a +0 pair of boots
Magical Staves
 z - an uncursed staff of conjuration (weapon)
Wands
 s - a wand of random effects (21)
Scrolls
 f - a scroll of immolation {unknown}
 h - 2 scrolls of identify {unknown}
 u - a scroll of blinking {unknown}
Potions
 l - a potion of ambrosia
 m - a potion of might {unknown}
 o - a potion of lignification {unknown}
 r - a potion of curing {unknown}
 t - a potion of heal wounds {unknown}
 v - a potion of poison {unknown}
Books
 c - a book of Geomancy

   Spells                             Type                      Level
   a - Sandblast                      Earth                        1
   b - Stoneskin                      Transmutation/Earth          2
   c - Passwall                       Transmutation/Earth          3
   d - Stone Arrow                    Conjuration/Earth            3
   e - Petrify                        Transmutation/Earth          4
   f - Lee's Rapid Deconstruction     Earth                        5
Comestibles
 d - a bread ration
 g - 2 meat rations
 k - 2 chunks of flesh


   Skills:
 - Level 1.5 Dodging
 - Level 2.1 Stealth
 * Level 4.4 Spellcasting
 + Level 0.9 Conjurations
 - Level 0.7 Transmutations
 + Level 4.7 Earth Magic


You had 6 spell levels left.
You knew the following spells:

 Your Spells              Type           Power        Failure   Level  Hunger
a - Sandblast             Erth           ###...       2%          1    None
b - Stoneskin             Trmt/Erth      ##......     10%         2    ##.....
c - Stone Arrow           Conj/Erth      ###...       17%         3    ###....


Dungeon Overview and Level Annotations

Branches:
Dungeon (3/15)

Altars:
Makhleb
Vehumet


Innate Abilities, Weirdness & Mutations

You are resistant to torment.
Your stone body is resilient (AC +4).
You are immune to poison.
You resist negative energy.
You are resistant to electric shocks.
You can survive without breathing.
You are immune to petrification.
You are immune to rotting.


Message History

The orc wizard blinks!
Drink which item? (? for menu, Esc to quit)
It was a potion of ambrosia.
You are confused.
You feel invigorated.
The orc priest hits you but does no damage.
The orc wizard casts a spell.
The orc wizard blinks!
You bump into the rock wall.
The orc priest completely misses you. The orc wizard barely misses you.
Drink which item? (? for menu, Esc to quit)
It was a potion of haste.
You feel yourself speed up.
The orc priest mumbles some strange prayers to Beogh against you.
Pain shoots through your body!
* * * LOW HITPOINT WARNING * * *
The orc wizard gestures wildly while chanting.
The orc wizard blinks!
The orc priest invokes the aid of Beogh against you.
Something smites you!
You die...

#
#.##############.##..
###
#................####
..#
###################
#.# #.o #.# #)# #.#
#o# #.# #.#
#.########
##########.#
#........#
#.@.o.)....#
########.#
#.########## #.# #.#
#.######.# #......o.#
##########


You could see an orc priest and an orc wizard.

Vanquished Creatures
  Ijyb (D:2)
  Robin (D:3)
  6 adders (D:2)
  A worm (D:2)
  A giant gecko (D:3)
  6 orcs
  7 bats
  7 hobgoblins
  5 jackals
  5 giant cockroaches
  2 giant newts
  15 goblins
  5 kobolds
  2 quokkas (D:2)
  6 rats
70 creatures vanquished.

Notes
Turn   | Place    | Note
--------------------------------------------------------------
     0 | D:1      | rutigerpupkin the Gargoyle Earth Elementalist began the quest for the Orb.
     0 | D:1      | Reached XP level 1. HP: 10/10 MP: 3/3
    18 | D:1      | Upgraded the game from 0.17-b1-16-g38e0902 to 0.17-b1-22-g5359643
   576 | D:1      | Reached XP level 2. HP: 15/15 MP: 1/5
   599 | D:1      | Learned a level 2 spell: Stoneskin
  1109 | D:2      | Reached XP level 3. HP: 13/19 MP: 1/7
  1117 | D:2      | Learned a level 3 spell: Stone Arrow
  1555 | D:2      | Found a burning altar of Makhleb.
  1583 | D:2      | Reached skill level 4 in Earth Magic
  1583 | D:2      | Reached XP level 4. HP: 21/24 MP: 6/9
  1739 | D:2      | Found a radiant altar of Vehumet.
  1749 | D:2      | Became a worshipper of Vehumet
  1999 | D:3      | Noticed Robin
  2090 | D:3      | Killed Robin
  2109 | D:3      | Reached XP level 5. HP: 23/28 MP: 9/11
  2156 | D:3      | Noticed Ijyb
  2295 | D:2      | Killed Ijyb
  2476 | D:3      | Reached * piety under Vehumet
  2476 | D:3      | Offered knowledge of Shock by Vehumet.
  2582 | D:3      | Killed from afar by an orc priest

Action                   |  1- 3 |  4- 6 || total
-------------------------+-------+-------++-------
Melee: Unarmed           |    13 |       ||    13
       Club              |    32 |       ||    32
       Spear             |    15 |    22 ||    37
       Staff             |       |    39 ||    39
 Cast: Sandblast         |    62 |    65 ||   127
       Stone Arrow       |       |     7 ||     7
       Stoneskin         |       |     1 ||     1
  Use: Potion            |       |     2 ||     2
  Eat: Chunk             |     2 |     4 ||     6
